 Dungeon Crawl Stone Soup version 0.28.0 (webtiles) character file.

Game seed: 7280865970544337931

56140 BeingJoeMalik the Warrior (level 14, -16/86 HPs)
             Began as a Vine Stalker Fighter on Feb 18, 2022.
             Was the Champion of Okawaru.
             Demolished by a +2 halberd of freezing (30 damage)
             ... on level 1 of the Elven Halls.
             The game lasted 01:00:50 (18478 turns).

BeingJoeMalik the Warrior (Vine Stalker Fighter)   Turns: 18478, Time: 01:00:50

Health: -16/86     AC:  8    Str: 20    XL:     14   Next: 80%
Magic:  0/28       EV: 10    Int:  6    God:    Okawaru [******]
Gold:   1067       SH:  7    Dex: 18    Spells: 13/13 levels left

rFire   + . .      SeeInvis .   Z - +3 morningstar of Mekkafaz {freeze, rF+ rN+ Int+3}
rCold   + . .      Faith    .   c - +0 buckler
rNeg    + + .      Spirit   +   o - +0 troll leather armour
rPois   .          Reflect  .   Y - +1 hat "Ickiuv" {rC+ Regen+ Int-5}
rElec   .          Harm     .   P - +0 cloak
rCorr   .          Rampage  .   i - +0 pair of gloves
Will    ++...                   Q - +0 pair of boots
Stlth   ++........              m - amulet of regeneration
HPRegen 3.44/turn               E - ring "Rotusian" {rN+ Will+}
MPRegen 0.21/turn               V - ring of magical power

@: no status effects
A: fangs 3, regeneration 1, magic shield, antimagic bite, no potion heal 2
a: Renounce Religion, Heroism, Finesse, Duel


You were on level 1 of the Elven Halls.
You worshipped Okawaru.
Okawaru was exalted by your worship.
You visited 5 branches of the dungeon, and saw 20 of its levels.
You also visited: Bailey.

You collected 1741 gold pieces.
You spent 674 gold pieces at shops.

Inventory:

Hand Weapons
 d - a +4 flail of draining
 Z - the +3 morningstar of Mekkafaz (weapon) {freeze, rF+ rN+ Int+3}
   (You bought it in a shop on level 2 of the Orcish Mines)

   It freezes those it strikes, dealing additional cold damage.
   It can also slow down cold-blooded creatures.
   Int:       It affects your intelligence (+3).
   rF:        It protects you from fire.
   rN:        It protects you from negative energy.
Missiles
 r - 5 throwing nets
 u - 7 poisoned darts
 A - 10 silver javelins
 O - 10 javelins (quivered)
Armour
 c - a +0 buckler (worn)
 h - a +2 helmet
 i - a +0 pair of gloves (worn)
 o - a +0 troll leather armour (worn)
 v - a +0 kite shield
 w - the +1 scale mail of Okawaru's Fury {rCorr}
   (Okawaru gifted it to you on level 15 of the Dungeon)

   rCorr:     It protects you from acid and corrosion.
 F - +0 swamp dragon scales
 P - a +0 cloak (worn)
 Q - a +0 pair of boots (worn)
 U - a scarf of shadows
 Y - the +1 hat "Ickiuv" (worn) {rC+ Regen+ Int-5}
   (Okawaru gifted it to you on level 2 of the Orcish Mines)

   Int:       It affects your intelligence (-5).
   rC:        It protects you from cold.
   Regen:     It increases your rate of health regeneration.
Jewellery
 a - a +4 ring of protection
 j - a +4 ring of evasion
 m - an amulet of regeneration (around neck)
 y - a ring of flight
 E - the ring "Rotusian" (left hand) {rN+ Will+}
   (You acquired it in a bailey)

   [ring of positive energy]

   rN:        It protects you from negative energy.
   Will:      It increases your willpower.
 J - a +6 ring of dexterity
 L - an amulet of magic regeneration
 R - a ring of positive energy
 V - a ring of magical power (right hand)
Wands
 b - a wand of mindburst (13)
 q - a wand of polymorph (5)
 B - a wand of paralysis (13)
 G - a wand of iceblast (9)
 I - a wand of flame (36)
 W - a wand of acid (6)
Scrolls
 k - 7 scrolls of amnesia
 p - 9 scrolls of teleportation
 z - 5 scrolls of magic mapping
 C - a scroll of fear
 H - a scroll of enchant weapon
 S - a scroll of blinking
 T - 5 scrolls of identify
Potions
 e - 10 potions of curing
 f - 4 potions of magic
 g - 5 potions of haste
 l - 3 potions of flight
 n - 3 potions of mutation
 s - 2 potions of resistance
 t - 5 potions of might
 D - 2 potions of brilliance


   Skills:
 * Level 15.8 Fighting
 - Level 14.3 Maces & Flails
 - Level 2.4 Armour
 + Level 1.4 Stealth
 + Level 9.2 Shields
 - Level 6.1 Invocations


You had 13 spell levels left.
You didn't know any spells.
Your spell library contained the following spells:

 Spells                   Type           Power      Damage    Failure   Level
 Foxfire                  Conj/Fire      0%         2x1d4     58%         1
 Sandblast                Erth           0%         2d4       58%         1
 Ozocubu's Armour         Ice            0%         N/A       91%         3
 Borgnjor's Vile Clutch   Necr/Erth      0%         N/A       100%        5
 Freezing Cloud           Conj/Ice/Air   0%         6-21      100%        5
 Starburst                Conj/Fire      0%         6d3       100%        6
 Orb of Destruction       Conj           0%         9d5       100%        7
 Ozocubu's Refrigeration  Ice            0%         4d5       100%        7
 Storm Form               Tmut/Air       0%         N/A       100%        7
 Maxwell's Capacitive Co  Air            0%         ∞         100%        8
 Polar Vortex             Ice            0%         N/A       100%        9
 Summon Guardian Golem    Hex/Summ       Unusable   N/A       N/A         3
 Summon Lightning Spire   Summ/Air       Unusable   N/A       N/A         4
 Simulacrum               Ice/Necr       Unusable   N/A       N/A         6
 Spellforged Servitor     Conj/Summ      Unusable   N/A       N/A         7

Dungeon Overview and Level Annotations

Branches:
Dungeon (15/15)            Temple (1/1) D:6            Lair (0/6) D:9
    Orc (2/2) D:12            Elf (1/3) Orc:2        Vaults (0/5) D:13
 Depths (1/4) D:15         Bailey (visited)

Altars:
Ashenzari
Cheibriados
Dithmenos
Hepliaklqana
Kikubaaqudgha
Okawaru
Qazlal
Sif Muna
Uskayaw
Vehumet
Wu Jian
Yredelemnul
Zin
The Shining One
Beogh

Shops:
D:5 *:*   D:9 *   D:10 [   Orc:2 (!*=(

Portals:
Pandemonium: Orc:2

Annotations:
D:11 3 runed translucent doors, mortz's ghost, journeyman HuCj
Elf:1 Asterion


Innate Abilities, Weirdness & Mutations

You have razor-sharp teeth.
Your natural rate of healing is unusually fast.
When hurt, damage is shared between your health and your magic reserves.
Your bite disrupts and absorbs the magic of your enemies.
Potions cannot restore your health.


Message History

A deep elf zephyrmancer comes into view.
It is wielding a +0 short sword and carrying a wand of charming (6).
Unknown command.
You close the door, pushing everything out of the way.
You start resting.
HP restored.
You start resting.
Magic restored.
You open the door.
There is an open door here.
A +2 halberd of freezing comes into view.
There is an open door here.
You see here a +1 war axe of electrocution.
The +2 halberd of freezing hits you from afar!
The +2 halberd of freezing freezes you. The +2 halberd of freezing hits you!!
The +2 halberd of freezing freezes you.
You barely miss the +2 halberd of freezing.
Your bite misses the +2 halberd of freezing.
The +2 halberd of freezing hits you! The +2 halberd of freezing freezes you.
You hit the +2 halberd of freezing but do no damage.
You block the +2 halberd of freezing's attack.
You hit the +2 halberd of freezing.
The +2 halberd of freezing is lightly damaged.
The +2 halberd of freezing hits you!! The +2 halberd of freezing freezes you.
The +2 halberd of freezing hits you!!
* * * LOW HITPOINT WARNING * * *
Unknown command.
Okay, then.
Unknown command.
Unknown command.
Aiming: Paralyse
Press: ? - help, Shift-Dir - straight line, f - +2 halberd of freezing
Aim: a +2 halberd of freezing (infinite will)
Okay, then.
Unknown command.
Unknown command.
Unknown command.
Unknown command.
You barely miss the +2 halberd of freezing.
The +2 halberd of freezing hits you!!
You die...

#+# ##'# ####.. #.#
##.##+# #.... #.#
##.###.# #.. #.# ##.##
#.# ##+# #.# ##.## #.#
##.## ###'###.## #.#
##.## ##.....'## #.###.##
##......(## ###'##.##
#.......@.# #...#'##
#......)..####....#######
#.........'..'..........#
#.........####....#####.#
#.........# #..######...
##.......## #### #.....
##.....## #..≈≈≈ #######
#≈≈≈≈≈ #≈≈≈≈≈


You could see a +2 halberd of freezing.

Vanquished Creatures
  Josephine (D:15)
  2 boulder beetles
  2 ogre magi (D:15)
  3 hydras
  2 demonspawn (Orc:2)
  3 dancing weapons
  3 centaur warriors
  A tengu warrior (D:15)
  9 two-headed ogres
  4 orc high priests (Orc:2)
  Urug (D:10)
  2 sixfirhies (Orc:2)
  3 deep trolls
  2 necromancers (D:15)
  2 deep elf zephyrmancers (Elf:1)
  5 orc knights
  10 orc sorcerers
  5 ugly things
  4 cyclopes
  A manticore (D:6)
  7 deep elf pyromancers
  A centaur zombie (D:10)
  An orange demon (Orc:2)
  2 komodo dragons
  A freezing wraith (D:15)
  2 unseen horrors
  A tengu conjurer (D:15)
  3 meliai (D:14)
  A hellwing (Orc:2)
  6 trolls
  8 slime creatures
  A hornet (shapeshifter) (D:13)
  A hornet (D:9)
  A meliai zombie (D:11)
  A blink frog (shapeshifter) (D:15)
  4 shadows
  6 yaks
  A yak (shapeshifter) (D:15)
  4 wyverns (D:9)
  A human (shapeshifter) (D:13)
  3 wraiths (D:15)
  A hog (shapeshifter) (D:14)
  Grum (D:10)
  2 steam dragons
  5 vampire mosquitoes
  A basilisk (D:9)
  3 wargs
  Edmund (D:4)
  4 acid dragons
  4 water moccasins
  2 ice beasts
  33 orc warriors
  10 ogres
  3 necrophages
  4 wolves (D:10)
  11 centaurs
  3 phantoms
  2 bullfrogs
  2 gnoll sergeants
  Blork the orc (D:5)
  4 scorpions
  A water moccasin skeleton (D:3)
  9 killer bees
  2 troll zombies (D:12)
  2 howler monkeys
  A vampire bat (D:13)
  A wight (D:6)
  A bullfrog zombie (D:6)
  2 jellies
  6 hounds
  22 orc priests
  3 iguanas
  12 orc wizards
  4 ogre zombies (D:12)
  A hound skeleton (D:4)
  A howler monkey skeleton (D:7)
  4 howler monkey zombies
  10 gnolls
  11 adders
  A white imp (D:6)
  An ufetubus (D:6)
  2 adder skeletons
  A worm (D:5)
  2 dart slugs
  82 orcs
  5 bats
  3 bat skeletons (D:13)
  3 bat zombies (D:13)
  6 endoplasms
  A giant cockroach (D:4)
  10 goblins
  7 hobgoblins
  12 jackals
  12 kobolds
  3 quokkas
  11 ball pythons
  3 frilled lizards
  A goblin skeleton (D:12)
  2 goblin zombies (D:12)
  3 hobgoblin skeletons (D:12)
  A hobgoblin zombie (D:12)
  12 orc zombies (D:12)
  3 rats
498 creatures vanquished.

Vanquished Creatures (others)
  A deep elf zephyrmancer (Elf:1)
  2 fungi (D:3)
  12 plants (D:9)
  A withered plant (D:15)
16 creatures vanquished.

Grand Total: 514 creatures vanquished

Notes
Turn   | Place    | Note
-------+----------+-------------------------------------------
     0 | D:1      | BeingJoeMalik the Vine Stalker Fighter began the quest for
                  | the Orb.
     0 | D:1      | Reached XP level 1. HP: 11/11 MP: 2/2
   222 | D:1      | Reached XP level 2. HP: 12/16 MP: 1/3
  1207 | D:2      | Reached XP level 3. HP: 19/19 MP: 4/4
  1343 | D:2      | Found a faded altar of an unknown god.
  2410 | D:2      | Gained mutation: Your natural rate of healing is unusually
                  | fast. [Vine Stalker growth]
  2410 | D:2      | Reached XP level 4. HP: 23/23 MP: 5/5
  2642 | D:3      | Found an iron altar of Okawaru.
  2650 | D:3      | Became a worshipper of Warmaster Okawaru
  2691 | D:3      | Found a glowing golden altar of the Shining One.
  2997 | D:3      | Reached XP level 5. HP: 23/27 MP: 4/6
  3118 | D:3      | Reached skill level 5 in Maces & Flails
  3460 | D:4      | Noticed Edmund
  3470 | D:4      | Killed Edmund
  3470 | D:4      | Reached * piety under Okawaru
  3471 | D:4      | Reached XP level 6. HP: 22/32 MP: 3/7
  3709 | D:4      | Noticed an acid dragon
  3864 | D:4      | Reached XP level 7. HP: 35/35 MP: 8/8
  3872 | D:4      | Reached ** piety under Okawaru
  4012 | D:4      | Found a stormy altar of Qazlal.
  4258 | D:4      | Found a hazy altar of Hepliaklqana.
  4277 | D:4      | Found a shadowy altar of Dithmenos.
  4277 | D:4      | Noticed a shadow
  4438 | D:5      | Entered Level 5 of the Dungeon
  4503 | D:5      | Gained mutation: You have razor-sharp teeth. [Vine Stalker
                  | growth]
  4503 | D:5      | Reached XP level 8. HP: 39/39 MP: 9/9
  4566 | D:5      | Found Bykol's General Store.
  4574 | D:5      | Bought a scroll of identify for 22 gold pieces
  4574 | D:5      | Bought a scroll of identify for 22 gold pieces
  4689 | D:5      | Found Qaadojok's General Store.
  4697 | D:5      | Bought a +0 pair of gloves for 63 gold pieces
  4737 | D:5      | Noticed Blork the orc
  4741 | D:5      | Killed Blork the orc
  4752 | D:5      | Identified the +4 trident of Uncertain Death {drain, rN+
                  | Int+2 Dex+4 Stlth+}
  5009 | D:5      | Found an ornate altar of the Wu Jian Council.
  5035 | D:5      | Reached *** piety under Okawaru
  5113 | D:5      | Found a snail-covered altar of Cheibriados.
  5272 | D:5      | Found Bydghel's Book Shoppe.
  5603 | D:6      | Found a broken altar of Ashenzari.
  5632 | D:6      | Reached skill level 10 in Maces & Flails
  5647 | D:6      | Found a hide-covered altar of Uskayaw.
  5897 | D:6      | Noticed a manticore
  5901 | D:6      | Reached XP level 9. HP: 43/43 MP: 10/10
  5910 | D:6      | Killed a manticore
  5910 | D:6      | Reached **** piety under Okawaru
  5911 | D:6      | Reached skill level 3 in Fighting
  6124 | D:6      | Found a staircase to the Ecumenical Temple.
  6178 | Temple   | Entered the Ecumenical Temple
  6562 | D:7      | Received a gift from Okawaru
  7185 | D:8      | Found a radiant altar of Vehumet.
  7340 | D:8      | Reached XP level 10. HP: 38/49 MP: 11/11
  7362 | D:8      | Reached skill level 4 in Fighting
  7375 | D:8      | Found a flagged portal.
  7390 | Bailey   | Entered a bailey
  7496 | Bailey   | Reached ***** piety under Okawaru
  7505 | Bailey   | Found a large runed translucent door.
  7505 | Bailey   | Found a large runed translucent door.
  7505 | Bailey   | Noticed an orc knight
  7585 | Bailey   | Noticed a deep elf pyromancer
  7633 | Bailey   | Killed an orc knight
  7795 | Bailey   | Killed a deep elf pyromancer
  7818 | Bailey   | Got Koorph's Reference Book on Torrid Earth
  7834 | Bailey   | Identified a scroll of acquirement
  7834 | Bailey   | Acquired the ring "Rotusian" {rN+ Will+}
  8102 | D:8      | Reached skill level 5 in Fighting
  8831 | D:9      | Identified the -3 helmet of Focus {Rampage rPois rC- Str+6}
                  | (Okawaru gifted it to you on level 9 of the Dungeon)
  8831 | D:9      | Received a gift from Okawaru
  8835 | D:9      | Reached skill level 5 in Shields
  8851 | D:9      | Found a staircase to the Lair.
  8877 | D:9      | Reached XP level 11. HP: 56/56 MP: 12/12
  8882 | D:9      | Reached skill level 6 in Fighting
  8938 | D:9      | Found Kifimped's Blasphemy Boutique.
  8965 | D:9      | Bought a scroll of torment for 97 gold pieces
  9102 | D:9      | Found a shimmering blue altar of Sif Muna.
  9225 | D:9      | Noticed a two-headed ogre
  9234 | D:9      | Killed a two-headed ogre
  9440 | D:9      | Found a glowing silver altar of Zin.
  9481 | D:10     | Entered Level 10 of the Dungeon
  9481 | D:10     | Noticed a two-headed ogre
  9487 | D:10     | Killed a two-headed ogre
  9511 | D:10     | Noticed a two-headed ogre
  9516 | D:10     | Killed a two-headed ogre
  9553 | D:10     | Identified the +0 scale mail of Jiblu {Harm}
  9607 | D:10     | Reached skill level 7 in Fighting
  9887 | D:10     | Reached ****** piety under Okawaru
  9986 | D:10     | Noticed Grum
  9990 | D:10     | Killed Grum
  9994 | D:10     | Reached skill level 1 in Invocations
 10023 | D:10     | Noticed Urug
 10044 | D:10     | Killed Urug
 10173 | D:10     | Found Wixila Quima's Armour Shoppe.
 10176 | D:10     | Bought a +0 cloak for 49 gold pieces
 10176 | D:10     | Bought a +0 pair of boots for 49 gold pieces
 10462 | D:10     | Received a gift from Okawaru
 10478 | D:11     | Noticed an ogre mage
 10479 | D:11     | Noticed a red ugly thing
 10489 | D:11     | Noticed a cyclops
 10496 | D:11     | Noticed mortz's ghost (journeyman HuCj)
 10497 | D:11     | Noticed a frost giant
 10534 | D:11     | Noticed an eight-headed hydra
 10565 | D:11     | Found a runed translucent gate.
 10565 | D:11     | Found a runed translucent gate.
 10566 | D:11     | Found a runed translucent gate.
 10583 | D:11     | Killed an eight-headed hydra
 10745 | D:11     | Noticed a two-headed ogre
 10755 | D:11     | Killed a two-headed ogre
 10756 | D:11     | Reached skill level 8 in Fighting
 10756 | D:11     | Reached XP level 12. HP: 60/65 MP: 13/15
 11197 | D:12     | Noticed a seven-headed hydra
 11224 | D:11     | Killed a seven-headed hydra
 11225 | D:11     | Reached skill level 9 in Fighting
 11347 | D:12     | Found a staircase to the Orcish Mines.
 12010 | D:12     | Found a radiant altar of Vehumet.
 12116 | D:13     | Reached skill level 10 in Fighting
 12317 | D:13     | Noticed a centaur warrior
 12325 | D:13     | Killed a centaur warrior
 12472 | D:13     | Found a gate to the Vaults.
 12478 | D:13     | Received a gift from Okawaru
 12647 | D:13     | Found an ancient bone altar of Kikubaaqudgha.
 12656 | D:13     | Reached skill level 11 in Fighting
 12802 | D:13     | Paralysed by a hornet for 1 turns
 13149 | D:13     | Reached XP level 13. HP: 18/74 MP: 8/17
 13468 | D:14     | Found a stormy altar of Qazlal.
 13779 | D:14     | Reached skill level 12 in Fighting
 13948 | D:14     | Reached skill level 5 in Invocations
 14050 | D:15     | Entered Level 15 of the Dungeon
 14148 | D:15     | Found a basalt altar of Yredelemnul.
 14734 | D:15     | Found a staircase to the Depths.
 14822 | D:15     | Reached skill level 13 in Fighting
 15008 | D:15     | Identified the +1 scale mail of Okawaru's Fury {rCorr}
                  | (Okawaru gifted it to you on level 15 of the Dungeon)
 15008 | D:15     | Received a gift from Okawaru
 15163 | D:15     | Reached XP level 14. HP: 83/83 MP: 19/19
 15166 | D:15     | Identified the +6 quarterstaff "Ittesh" {holy, Fly rElec
                  | Will+ Str-3}
 15417 | D:15     | Reached skill level 14 in Fighting
 15450 | D:15     | Noticed Josephine
 15488 | D:15     | Killed Josephine
 15697 | Depths:1 | Entered Level 1 of the Depths
 15737 | Depths:1 | Noticed a spriggan defender
 15837 | Orc:1    | Entered Level 1 of the Orcish Mines
 16306 | Orc:2    | Entered Level 2 of the Orcish Mines
 16306 | Orc:2    | Found a staircase to the Elven Halls.
 17150 | Orc:2    | Found Buntoeqox's Antique Weapon Shoppe.
 17333 | Orc:2    | Found Qajiocri's General Store.
 17338 | Orc:2    | Found Ohieh's Distillery.
 17496 | Orc:2    | Bought a potion of might for 48 gold pieces
 17496 | Orc:2    | Bought a scroll of teleportation for 36 gold pieces
 17641 | Orc:2    | Reached skill level 15 in Fighting
 17688 | Orc:2    | Reached skill level 1 in Stealth
 17755 | Orc:2    | Identified the +1 hat "Ickiuv" {rC+ Regen+ Int-5} (Okawaru
                  | gifted it to you on level 2 of the Orcish Mines)
 17755 | Orc:2    | Received a gift from Okawaru
 17856 | Orc:2    | Found Lenus's Jewellery Shoppe.
 17856 | Orc:2    | Found a one-way gate leading to the halls of Pandemonium.
 17856 | Orc:2    | Found Vafabuw's Antique Weapon Emporium.
 17860 | Orc:2    | Bought a shimmering morningstar for 288 gold pieces
 17860 | Orc:2    | Identified the +3 morningstar of Mekkafaz {freeze, rF+ rN+
                  | Int+3} (You bought it in a shop on level 2 of the Orcish
                  | Mines)
 18281 | Elf:1    | Entered Level 1 of the Elven Halls
 18379 | Elf:1    | Noticed Asterion
 18403 | Elf:1    | Identified the +10 war axe "Uttikhil" {antimagic, Str+4}
 18478 | Elf:1    | Demolished by a +2 halberd of freezing

Illustrated notes

Levels and vault maps discovered:
D:1:      psy_arrival_whirlpool, layout_basic
D:2:      layout_basic, hellmonk_ecumenical_altar_heavens_door,
          serial_co_window_serial, co_window_paths_b, co_window_paths_a,
          co_window_corner_a, co_window_paths_b, co_window_of_opportunity_a,
          co_window_paths_c, co_window_unsneaky_path_c, co_window_2corner,
          co_window_corner_b, co_window_broadway_c, co_window_corner_b,
          co_window_corner_cb, co_window_4corner_b, co_window_paths_d,
          glass_columns_b, glass_columns_a, glass_columns_a, minmay_statues_item
D:3:      layout_basic, tso_metal_star, kennysheep_okawaru_gauntlet,
          minmay_shallow_snake_nest
D:4:      layout_basic, riverfiend_overflow_shadow_ancestor,
          mainiacjoe_overflow_chevrons, grunt_ministairs_9, minmay_cupped,
          uniq_edmund
D:5:      layout_loops_ring, slow_altar_2, mainiacjoe_overflow_small_starburst,
          serial_shops, kennysheep_mini, nicolae_shop_crystal,
          nicolae_square_shop, uniq_blork_the_orc
D:6:      layout_cave_pools, nicolae_ashenzari_skybound,
          mainiacjoe_overflow_tiny_flanked, temple_green, minmay_joined_circles
D:7:      layout_basic
D:8:      layout_loops_corners, lemuel_round_altar, enter_bailey_5
D:9:      layout_irregular_city, zin_statuary, nicolae_sif_muna_little_library,
          minmay_lair_entry_grove, nicolae_evil_shop
D:10:     layout_roguey [special_room_orc], serial_shops, kennysheep_mini_moat,
          uniq_urug, uniq_grum
D:11:     layout_rooms, gammafunk_ghost_split, grunt_decor_clamped,
          kennysheep_just_a_vault
D:12:     layout_roguey, zombieorc1_lemuel, st_stairs_8, grunt_ogre_cave,
          kennysheep_nub, vehumet_altar_wand_db
D:13:     layout_rooms, erik_vaults_1, serial_co_window_serial,
          co_window_paths_a, co_window_corner_a, co_window_cross_1,
          co_window_paths_a, co_window_corner_a, co_window_of_opportunity_b,
          co_window_cross_2, co_window_corner_b, co_window_4corner_b,
          glass_columns_b, kennysheep_vampire_church
D:14:     layout_loops_ring, nicolae_qazlal_style_of_elements
D:15:     hangedman_depths_entry_civil_slaughter, layout_irregular_city,
          minmay_misc_feat_chi, yredelemnul_altar_generic, uniq_josephine
Temple:   jpeg_temple_alley_garden
Orc:1:    layout_caves
Orc:2:    pf_orc_diabolical, layout_diamond_mine, basic_altar, serial_shops,
          shop
Elf:1:    eino_elf_arrival_sip, layout_geoelf_octagon, basic_altar,
          hangedman_elven_crosses_minicolossus, uniq_asterion
Depths:1: layout_basic, enter_ziggurat_e, grunt_gozag_statues, hellmouth_3,
          nicolae_figureground_sparkle, uniq_enchantress

Skill      XL: |  1  2  3  4  5  6  7  8  9 10 11 12 13 14 |
---------------+-------------------------------------------+-----
Maces & Flails | 2 3 4 5 6 8 10 12 13 14 | 14.3
Fighting       | 3 5 8 11 13 15 | 15.8
Shields        | 3 5 6 7 8 9 |  9.2
Invocations    | 2 4 6 |  6.1
Stealth        | 1 |  1.4
Armour         | |  2.4

Action                   |  1- 3 |  4- 6 |  7- 9 | 10-12 | 13-15 || total
-------------------------+-------+-------+-------+-------+-------++-------
Melee: Flail             |    67 |   110 |   239 |   600 |   621 ||  1637
       Bite              |    10 |    25 |    67 |   212 |   266 ||   580
       Morningstar       |       |       |       |       |    34 ||    34
Throw: Dart              |       |       |       |     4 |       ||     4
       Javelin           |       |       |       |    11 |    17 ||    28
Evoke: Wand              |       |       |       |     1 |     3 ||     4
  Use: Potion            |       |     1 |     1 |     2 |       ||     4
       Scroll            |       |       |    18 |     4 |     1 ||    23
Armor: Scale mail        |    19 |    46 |    81 |    16 |       ||   162
       Swamp dragon scal |       |       |       |   128 |       ||   128
       Troll leather arm |       |       |       |    23 |   167 ||   190
Dodge: Dodged            |    18 |    49 |   120 |   277 |   227 ||   691
Block: Buckler           |    17 |    34 |    44 |   149 |   176 ||   420
